 Dungeon Crawl Stone Soup version 0.24-a0-250-g6074511 (webtiles) character file.

Game seed: 16343343303532216690

1685 Borgoz the Slicer (level 9, -1/56 HPs)
             Began as a Kobold Gladiator on Apr 14, 2019.
             Was an Initiate of Ashenzari.
             Slain by an ogre
             ... wielding a +0 giant club
              (15 damage)
             ... on level 6 of the Dungeon.
             The game lasted 00:08:22 (4477 turns).

Borgoz the Slicer (Kobold Gladiator)                Turns: 4477, Time: 00:08:23

Health: -1/56      AC: 13    Str: 14    XL:     9   Next: 22%
Magic:  0/9        EV:  9    Int: 10    God:    Ashenzari [......]
Gold:   264        SH:  0    Dex: 16    Spells: 8/8 levels left

rFire    . . .     SeeInvis .   a - +0 rapier
rCold    . . .     Gourm    .   (shield restricted)
rNeg     . . .     Faith    .   l - +0 plate armour
rPois    .         Spirit   +   c - +0 helmet
rElec    .         Reflect  .   n - scarf {Spirit}
rCorr    .         Harm     .   (no gloves)
MR       .....                  (no boots)
Stlth    ..........             (no amulet)
HPRegen  0.18/turn              (no ring)
MPRegen  0.11/turn              (no ring)

@: no status effects
A: small, carnivore
a: Curse Item, Renounce Religion


You were on level 6 of the Dungeon.
You worshipped Ashenzari.
Ashenzari was noncommittal.
You were completely stuffed.

You visited 2 branches of the dungeon, and saw 7 of its levels.

You collected 264 gold pieces.

Inventory:

Hand Weapons
 a - a +0 rapier (weapon)
Armour
 c - a +0 helmet (worn)
 l - a +0 plate armour (worn)
 n - a scarf of spirit shield (worn)
Jewellery
 q - an uncursed ring of protection from fire
Wands
 s - a wand of random effects (17)
Scrolls
 b - a scroll of immolation {unknown}
 d - a scroll of magic mapping {unknown}
 g - 9 scrolls of remove curse
 h - a scroll of noise {unknown}
 i - 6 scrolls of identify {unknown}
 j - 4 scrolls of teleportation {unknown}
 k - a scroll of amnesia {unknown}
 m - a scroll of enchant weapon {unknown}
 o - 3 scrolls of fear {unknown}
Potions
 e - a potion of flight
 p - a potion of magic {unknown}
Comestibles
 f - 6 rations
 r - 2 chunks of flesh


   Skills:
 + Level 6.4 Fighting
 + Level 8.3 Short Blades
 - Level 2.1 Throwing
 + Level 4.4 Armour
 + Level 7.6 Dodging


You had 8 spell levels left.
You didn't know any spells.
Your spell library was empty.

Dungeon Overview and Level Annotations

Branches:
Dungeon (6/15)             Temple (1/1) D:4

Altars:
Ashenzari
Cheibriados
Dithmenos
Elyvilon
Gozag
Hepliaklqana
Makhleb
Nemelex Xobeh
Okawaru
Qazlal
Ru
Sif Muna
Trog
Uskayaw
Vehumet
Wu Jian
Xom
Zin
The Shining One

Shops:
D:5 [

Annotations:
D:4 Eustachio, Natasha


Innate Abilities, Weirdness & Mutations

You are small and have problems with some larger weapons.
You are carnivorous and can eat meat at any time.


Message History

You puncture the ogre!
The ogre is heavily wounded.
Your plate armour prevents you from hitting the ogre.
The ogre is heavily wounded.
The ogre hits you with a +0 giant club.
You puncture the ogre!
The ogre is severely wounded.
The ogre hits you with a +0 giant club!!
* * * LOW HITPOINT WARNING * * *
You hit the ogre but do no damage.
The ogre is severely wounded.
You hit the ogre.
The ogre is almost dead.
The ogre barely misses you.
You barely miss the ogre.
The ogre is almost dead.
You hit the ogre.
The ogre is almost dead.
The ogre hits you with a +0 giant club!
You die...

.....# ......#
.......##
........##
.........#
.........##
.......?..##
.......@...#
.......O...#
............#
.............#
..............#
...............
...............
...............


You could see an ogre.

Vanquished Creatures
  A two-headed ogre (D:4)
  Sigmund (D:2)
  Duvessa (D:4)
  An ice beast (D:5)
  A phantom (D:4)
  A centaur (D:5)
  A bullfrog (D:3)
  Dowan (D:4)
  A scorpion (D:5)
  2 bullfrog skeletons
  Jessica (D:2)
  3 worker ants
  4 gnolls (D:2)
  2 howler monkey skeletons
  8 adders
  2 oozes (D:2)
  An adder zombie (D:3)
  4 worms
  2 dart slugs (D:1)
  2 leopard geckos
  An orc (D:3)
  3 giant cockroaches
  6 goblins
  A hobgoblin (D:1)
  4 jackals (D:5)
  5 quokkas
  A ball python skeleton (D:5)
  7 bats
  2 frilled lizards
  A giant cockroach zombie (D:5)
  6 kobolds
  A quokka skeleton (D:5)
  7 rats
85 creatures vanquished.

Notes
Turn   | Place    | Note
-------+----------+-------------------------------------------
     0 | D:1      | Borgoz the Kobold Gladiator began the quest for the Orb.
     0 | D:1      | Reached XP level 1. HP: 12/12 MP: 1/1
   105 | D:1      | Reached XP level 2. HP: 15/18 MP: 2/2
   349 | D:1      | Reached XP level 3. HP: 18/22 MP: 3/3
   569 | D:2      | Noticed Jessica
   582 | D:2      | Killed Jessica
   582 | D:2      | Reached skill level 1 in Armour
   582 | D:2      | Reached XP level 4. HP: 23/27 MP: 4/4
  1072 | D:2      | Reached XP level 5. HP: 14/32 MP: 5/5
  1075 | D:2      | Reached skill level 5 in Short Blades
  1336 | D:2      | Found a faded altar of an unknown god.
  1446 | D:2      | Noticed Sigmund
  1473 | D:2      | Killed Sigmund
  1473 | D:2      | Reached skill level 5 in Dodging
  1473 | D:2      | Reached XP level 6. HP: 17/38 MP: 6/6
  2358 | D:3      | Reached XP level 7. HP: 36/43 MP: 5/7
  2455 | D:3      | Reached skill level 6 in Short Blades
  2795 | D:4      | Noticed a two-headed ogre
  2812 | D:4      | Killed a two-headed ogre
  2812 | D:4      | Reached skill level 5 in Fighting
  2812 | D:4      | Reached skill level 7 in Short Blades
  2812 | D:4      | Reached XP level 8. HP: 15/50 MP: 2/8
  3203 | D:4      | Found a staircase to the Ecumenical Temple.
  3336 | Temple   | Entered the Ecumenical Temple
  3407 | Temple   | Became a worshipper of Ashenzari the Shackled
  3592 | D:4      | Noticed Duvessa
  3592 | D:4      | Noticed Dowan
  3624 | D:4      | Killed Duvessa
  3649 | D:4      | Killed Dowan
  3649 | D:4      | Reached XP level 9. HP: 36/55 MP: 9/9
  3674 | D:4      | Noticed Eustachio
  3684 | D:4      | Noticed Natasha
  3775 | D:5      | Entered Level 5 of the Dungeon
  3802 | D:5      | Found Itialurph's Antique Armour Emporium.
  4012 | D:5      | Reached skill level 8 in Short Blades
  4159 | D:5      | Found a sparkling altar of Nemelex Xobeh.
  4477 | D:6      | Slain by an ogre

Levels and vault maps discovered:
D:1:      minmay_arrival_statue_studded, layout_basic
D:2:      layout_rooms, chequers_ecumenical_altar_island, uniq_sigmund,
          uniq_jessica
D:3:      layout_loops_ring, minmay_misc_feat_encased
D:4:      layout_loops_cross, minmay_temple_entry_gardened_gates, first_ration,
          uniq_eustachio, uniq_natasha, uniq_duvessa
D:5:      layout_rooms, nicolae_overflow_crystal_walls, serial_shops,
          nicolae_shop_competitors_out_of_business
D:6:      layout_layer_cave, lemuel_crystal_altar
Temple:   dpeg_five_rooms_temple

Skill      XL: |  1  2  3  4  5  6  7  8  9 |
---------------+----------------------------+-----
Dodging        | 4 5 6 7 |  7.6
Armour         | 1 2 3 4 |  4.4
Fighting       | 3 4 5 6 |  6.4
Short Blades   | 5 7 8 |  8.3
Throwing       | |  2.1

Action                   |  1- 3 |  4- 6 |  7- 9 || total
-------------------------+-------+-------+-------++-------
Melee: Rapier            |    66 |   193 |   277 ||   536
Throw: Throwing net      |       |     2 |     1 ||     3
  Use: Potion            |       |     2 |     2 ||     4
 Stab: Held in net/web   |       |     1 |       ||     1
  Eat: Chunk             |     1 |    12 |     7 ||    20
Armor: Leather armour    |    11 |    11 |       ||    22
       Plate armour      |       |    46 |   233 ||   279
Dodge: Dodged            |    55 |    95 |   178 ||   328

Table legend:
 A = Non-vault XP
 B = Vault XP
 C = Vault XP percentage of total XP
 D = Non-vault monster count
 E = Vault monster count
 F = Vault count percentage of total count
                 A         B        C        D         E       F
            +---------+---------+-------+---------+---------+-------
      Total |    1910 |     498 |  20.7 |      81 |       4 |   4.7
            +---------+---------+-------+---------+---------+-------
        D:1 |      29 |       0 |   0.0 |      15 |       0 |   0.0
        D:2 |     132 |     264 |  66.7 |      19 |       2 |   9.5
        D:3 |     212 |       0 |   0.0 |      23 |       0 |   0.0
        D:4 |    1112 |     234 |  17.4 |       7 |       2 |  22.2
        D:5 |     425 |       0 |   0.0 |      17 |       0 |   0.0
            +---------+---------+-------+---------+---------+-------
